 Dungeon Crawl Stone Soup version 0.30-a0-777-ga9a30cbeda (webtiles) character file.

Game seed: 8829876645618246954

366 a11behringer the Chopper (level 6, -1/56 HPs)
             Began as a Minotaur Fighter on Feb 14, 2023.
             Succumbed to an orc's poison
             ... on level 4 of the Dungeon.
             The game lasted 00:04:25 (2145 turns).

a11behringer the Chopper (Minotaur Fighter)         Turns: 2145, Time: 00:04:25

Health: -1/56      AC:  9    Str: 22    XL:     6   Next: 40%
Magic:  4/5        EV:  9    Int:  5    God:
Gold:   225        SH:  5    Dex: 10    Spells: 5/5 levels left

rFire   . . .      SeeInvis .    a - +0 war axe
rCold   . . .      Faith    .    c - +0 buckler
rNeg    . . .      Spirit   +    b - +0 scale mail
rPois   .          Reflect  .    (helmet restricted)
rElec   .          Harm     .    e - +0 cloak
rCorr   .          Rampage  .    i - +0 pair of gloves
Will    .....                    (no boots) Stlth
                                 d - amulet of guardian spirit
HPRegen 0.29/turn                (no ring)
MPRegen 0.09/turn                (no ring)

@: lethally poisoned (-1 -> -12)
A: horns 2, retaliatory headbutt
a: no special abilities


You were on level 4 of the Dungeon.
You visited 1 branch of the dungeon, and saw 4 of its levels.

You collected 225 gold pieces.

Inventory:

Hand Weapons
 a - a +0 war axe (weapon)
Armour
 b - a +0 scale mail (worn)
 c - a +0 buckler (worn)
 e - a +0 cloak (worn)
 i - a +0 pair of gloves (worn)
Jewellery
 d - an amulet of guardian spirit (around neck)
Scrolls
 f - 6 scrolls of identify {unknown}
 h - 3 scrolls of teleportation {unknown}
 k - 2 scrolls of fog {unknown}
 l - 2 scrolls of enchant armour {unknown}
 m - a scroll of immolation {unknown}
 p - a scroll of poison {unknown}
 q - a scroll of fear {unknown}
 r - a scroll of amnesia {unknown}
 t - a scroll of noise {unknown}
Potions
 g - 2 potions of brilliance {unknown}
 j - a potion of invisibility
 n - 3 potions of mutation {unknown}
 o - 2 potions of lignification {unknown}
 s - a potion of haste {unknown}


   Skills:
 + Level 5.0 Fighting
 * Level 5.5 Axes
 + Level 5.1 Armour
 + Level 5.1 Shields


You had 5 spell levels left.
You didn't know any spells.
Your spell library contained the following spells:

 Spells                   Type           Power      Damage    Failure   Level
 Beastly Appendage        Tmut           0%         N/A       86%         1
 Wereblood                Tmut           0%         N/A       95%         2
 Call Canine Familiar     Summ           0%         N/A       99%         3
 Frozen Ramparts          Ice            0%         1d1       99%         3
 Portal Projectile        Hex/Tloc       0%         N/A       99%         3
 Spider Form              Tmut/Pois      0%         N/A       99%         3
 Animate Armour           Summ/Erth      0%         N/A       100%        4
 Leda's Liquefaction      Hex/Erth       0%         N/A       100%        4
 Summon Forest            Summ/Tloc      0%         N/A       100%        5
 Simulacrum               Ice/Necr       0%         N/A       100%        6


Dungeon Overview and Level Annotations

Branches:
Dungeon (4/15)
 Temple: D:4-7

Altars:
Gozag


Innate Abilities, Weirdness & Mutations

You have a pair of horns on your head.
You reflexively headbutt those who attack you in melee.


Message History

You are more poisoned.
You barely miss something. Your headbutt misses something.
You feel very sick. Something hits you.
You are more poisoned.
You closely miss something.
You feel very sick. Something hits you but does no damage.
You closely miss something. Your headbutt misses something.
You feel very sick. Something hits you.
You are more poisoned.
You barely miss something. Your headbutt misses something.
You feel very sick. Something hits you.
You are more poisoned.
You block something's attack.
You closely miss something.
You feel extremely sick. Something hits you but does no damage.
You are lethally poisoned!
You slash something!
Reactivating autopickup.
You feel a bit more experienced.
* * * LOW HITPOINT WARNING * * *
You feel extremely sick. The adder closely misses you.
You miss the adder. You headbutt the adder!
The adder is almost dead.
* * * LOW HITPOINT WARNING * * *
You feel very sick. The adder bites you but does no damage.
You miss the adder.
The adder is almost dead.
* * * LOW HITPOINT WARNING * * *
You feel very sick.
The adder bites you but does no damage. x2
You miss the adder.
The adder is almost dead.
You die...

.... ..####..# ..... ........####
.#########.... .......<...#####
........#.... ...........##...
.>.....#.... ................
......#.... ...............S##
#.###...... ...)........#.#.@#
#..###.....
...†........#.##.#######.#.......
............#.##...........#..#..
...........##...##.........##..#.
.#..........#...##........).)....
##....####..)..†##..)...#..)#.##.
............)..†........##....###
.......#####....##......###......
######....##.#####......# ##....#


You could see an adder.

Vanquished Creatures
  Grinder (D:4)
  Jessica (D:3)
  An orc wizard (D:4)
  3 adders
  A worm (D:3)
  6 dart slugs
  5 orcs (D:4)
  6 ball pythons
  4 endoplasms
  6 giant cockroaches
  2 goblins
  2 hobgoblins
  3 jackals (D:4)
  2 kobolds
  3 quokkas
  6 bats
  2 frilled lizards
  4 rats
58 creatures vanquished.

Notes
Turn   | Place    | Note
-------+----------+-------------------------------------------
     0 | D:1      | a11behringer the Minotaur Fighter began the quest for the
                  | Orb.
     0 | D:1      | Reached XP level 1. HP: 19/19 MP: 0/0
   213 | D:1      | Reached XP level 2. HP: 27/27 MP: 1/1
   302 | D:1      | Got the Codex of Amalgamated Glaciation
   835 | D:2      | Reached XP level 3. HP: 30/33 MP: 2/2
  1426 | D:3      | Noticed Jessica
  1441 | D:3      | Killed Jessica
  1442 | D:3      | Reached XP level 4. HP: 4/40 MP: 3/3
  1753 | D:3      | Found an opulent altar of Gozag.
  2023 | D:4      | Noticed Grinder
  2036 | D:4      | Killed Grinder
  2037 | D:4      | Reached skill level 5 in Axes
  2037 | D:4      | Reached skill level 5 in Armour
  2037 | D:4      | Reached skill level 5 in Shields
  2037 | D:4      | Reached XP level 5. HP: 28/47 MP: 4/4
  2037 | D:4      | Reached XP level 6. HP: 33/55 MP: 5/5
  2040 | D:4      | Reached skill level 5 in Fighting
  2144 | D:4      | HP: 2/56 [poisoned by an orc]
  2145 | D:4      | Succumbed to an orc's poison

Illustrated notes

Levels and vault maps discovered:
D:1:      elethiomel_arrival_quiet, layout_basic, minivault_4,
          chequers_serial_rivers_micro_a, grunt_decor_junction
D:2:      layout_loops_ring
D:3:      layout_rooms, grunt_gozag_breadcrumbs, uniq_jessica
D:4:      layout_rooms, mainiacjoe_overflow_alcove_1, kennysheep_small_square,
          uniq_natasha, uniq_grinder

Skill      XL: |  1  2  3  4  5  6 |
---------------+-------------------+-----
Axes           | 3 4 5 |  5.5
Fighting       | 4 5 |  5.0
Shields        | 4 5 |  5.1
Armour         | 4 5 |  5.1

Action                     |  1- 3 |  4- 6 || total
---------------------------+-------+-------++-------
  Melee: War axe           |    65 |    45 ||   110
         Headbutt          |     6 |     6 ||    12
    Use: Potion            |       |     1 ||     1
 Armour: Scale mail        |    40 |    27 ||    67
  Dodge: Dodged            |    27 |    20 ||    47
  Block: Buckler           |     6 |     6 ||    12

Table legend: (Time is in decaauts)
 A = Elapsed time spent in this place.
 B = Non-inter-level travel time spent in this place.
 C = Inter-level travel time spent in this place.
 D = Time resting spent in this place.
 E = Time spent auto-exploring this place.
 F = Levels seen in this place.
 G = Mean time per level.
                   A        B        C        D        E       F      G
               +--------+--------+--------+--------+--------+-----+--------+
         Total |   2184 |   2046 |    138 |      0 |   1695 |   4 |  546.0 |
       Dungeon |   2184 |   2046 |    138 |      0 |   1695 |   4 |  546.0 |
               +--------+--------+--------+--------+--------+-----+--------+

Top non-repeatable levels by time:
     D:1: 735 daAuts
     D:2: 676 daAuts
     D:3: 570 daAuts
     D:4: 201 daAuts
